AoeStats
← rosteur

QS Arena

503195714Analyzed
3v3 RM · 1mo ago on Aug 30, 2026· 52m 58s· 6 players
Game mode
Random Map
Map size
Normal (6 player)
Population
200
Speed
Normal
Resources
Standard
Victory
Conquest
Starting age
Dark Age
Ending age
Imperial Age
RankedLock teamsTeams togetherTeam positionsShared explorationLock speedFull tech treeHidden civsTurbo modeCheats
Victory
Defeat
🇲🇽 Turks · Mexico
1155
+9
🇲🇽 Vietnamese · Mexico
937
+18
🇬🇹 Italians · Guatemala
916
+19
🇫🇷 Franks · France
1000
-48
🇪🇬 Spanish · Egypt
975
-15
🇬🇧 Britons · United Kingdom
972
-15
rosteur
8:37 Feudal Age
10:58 Wheelbarrow
11:18 Wheelbarrow
12:54 Man-at-Arms
22:19 Castle Age
24:02 Double-Bit Axe
26:09 Hand Cart
26:17 Caravan
30:13 Squires
30:23 Husbandry
40:05 Forging
39:56 Scale Mail Armor
40:02 Scale Barding Armor
39:47 Fletching
39:59 Padded Archer Armor
40:34 Ballistics
44:29 Iron Casting
46:01 Chain Mail Armor
47:44 Chain Barding Armor
47:40 Leather Archer Armor
Hazem
0:26 Loom
8:34 Feudal Age
9:07 Double-Bit Axe
14:16 Castle Age
15:16 Gold Mining
25:25 Wheelbarrow
30:03 Hand Cart
29:48 Horse Collar
31:23 Heavy Plow
34:12 Imperial Age
32:53 Fletching
39:25 Bodkin Arrow
39:30 Padded Archer Armor
39:37 Scale Barding Armor
39:42 Forging
39:05 Light Cavalry
39:56 Bloodlines
41:51 Husbandry
42:50 Hussar
fifox58
9:37 Feudal Age
11:36 Wheelbarrow
11:43 Double-Bit Axe
14:29 Castle Age
12:26 Stone Mining
13:21 Gold Mining
15:53 Hand Cart
15:25 Loom
16:48 Bow Saw
20:52 Fletching
22:21 Bodkin Arrow
24:33 Padded Archer Armor
28:55 Imperial Age
27:58 Gold Shaft Mining
28:05 Leather Archer Armor
27:34 Treadmill Crane
28:43 Ballistics
29:01 Masonry
30:18 Bracer
30:49 Ring Archer Armor
31:05 Conscription
32:03 Elite Longbowman
34:01 Yeomen
34:32 Siege Engineers
35:37 Two-Man Saw
37:52 Murder Holes
38:27 Architecture
39:47 Guard Tower
39:42 Arrowslits
41:17 Keep
41:32 Warwolf
45:01 Hoardings
Lord Daiki
6:38 Loom
8:44 Feudal Age
11:07 Loom
13:42 Castle Age
13:47 Horse Collar
13:53 Double-Bit Axe
14:05 Loom
14:56 Wheelbarrow
16:02 Elite Skirmisher
21:31 Fletching
24:37 Thumb Ring
26:10 Padded Archer Armor
27:21 Bodkin Arrow
27:40 Forging
28:27 Heavy Plow
31:22 Hand Cart
32:57 Town Watch
35:57 Imperial Age
34:53 Leather Archer Armor
36:10 Imperial Skirmisher
37:18 Onager
37:19 Capped Ram
38:57 Ring Archer Armor
40:44 Chemistry
40:18 Ballistics
41:38 Crop Rotation
41:24 Bow Saw
41:27 Fortified Wall
44:20 Bracer
50:37 Murder Holes
50:48 Siege Engineers
51:48 Two-Man Saw
52:17 Pikeman
52:57 Squires
52:43 Arson
52:18 Man-at-Arms
52:19 Elite Fire Lancer
52:22 Crossbowman
53:20 Town Watch
Chris_Alva
9:24 Feudal Age
10:20 Double-Bit Axe
10:53 Stone Mining
11:16 Horse Collar
16:47 Fletching
16:58 Padded Archer Armor
19:21 Castle Age
17:22 Loom
22:53 Elite Skirmisher
25:55 Bow Saw
26:59 Elite Skirmisher
30:16 Gold Mining
36:51 Wheelbarrow
38:13 Bodkin Arrow
38:51 Leather Archer Armor
39:13 Ballistics
39:13 Hand Cart
39:10 Town Watch
41:33 Heavy Plow
42:30 Fortified Wall
43:14 Town Patrol
46:42 Imperial Age
46:53 Elite Genoese Crossbowman
47:43 Bracer
49:40 Chemistry
50:18 Stone Shaft Mining
52:06 Two-Man Saw
51:58 Ring Archer Armor
53:29 Hoardings
53:44 Crop Rotation
EsquedaKING
10:58 Feudal Age
15:56 Castle Age
20:34 Imperial Age
30:06 Bloodlines
29:57 Husbandry
30:13 Forging
30:09 Scale Barding Armor
30:40 Artillery
31:15 Gold Mining
32:43 Horse Collar
39:08 Iron Casting
38:53 Chain Barding Armor
42:38 Blast Furnace
41:59 Chain Barding Armor
48:00 Wheelbarrow
48:04 Elite Janissary
50:51 Plate Barding Armor
51:36 Fletching
51:47 Padded Archer Armor
52:19 Loom
Connection lost

Rejoining the realm…

Still unreachable

The connection could not be restored.

Session expired

The server has moved on; the page needs a fresh start.